 Dungeon Crawl Stone Soup version 0.29-a0-821-g66395355a5 (webtiles) character file.

Game seed: 12265609343748608344

5 xian the Trooper (level 1, -2/18 HPs)
             Began as a Demonspawn Fighter on July 7, 2022.
             Killed from afar by a dart slug (4 damage)
             ... with a slug dart
             ... on level 1 of the Dungeon.
             The game lasted 00:00:29 (74 turns).

xian the Trooper (Demonspawn Fighter)                 Turns: 74, Time: 00:00:29

Health: -2/18      AC:  6    Str: 16    XL:     1   Next: 66%
Magic:  1/1        EV:  9    Int:  9    God:
Gold:   5          SH:  4    Dex: 12    Spells: 0/0 levels left

rFire   . . .      SeeInvis .   a - +0 long sword
rCold   . . .      Faith    .   c - +0 buckler
rNeg    . . .      Spirit   .   b - +0 scale mail
rPois   .          Reflect  .   (no helmet)
rElec   .          Harm     .   (no cloak)
rCorr   .          Rampage  .   (no gloves)
Will    .....                   (no boots)
Stlth   ..........              (no amulet)
HPRegen 0.06/turn               (no ring)
MPRegen 0.07/turn               (no ring)

@: no status effects
A: no striking features
a: no special abilities


You were on level 1 of the Dungeon.
You visited 1 branch of the dungeon, and saw 1 of its levels.

You collected 5 gold pieces.

Inventory:

Hand Weapons
 a - a +0 long sword (weapon)
Armour
 b - a +0 scale mail (worn)
 c - a +0 buckler (worn)
Scrolls
 e - a scroll of summoning {unknown}
Potions
 d - a potion of might


   Skills:
 + Level 3.0 Fighting
 + Level 1.9 Long Blades
 + Level 2.7 Armour
 + Level 0.3 Dodging
 + Level 2.8 Shields


You couldn't memorise any spells.
You didn't know any spells.
Your spell library was empty.

Dungeon Overview and Level Annotations

Branches:
Dungeon (1/15)

Altars:


Message History

You block the goblin's attack.
You hit the kobold.
You kill the kobold!
The goblin hits you with a +0 dagger.
You hit the endoplasm.
The endoplasm is lightly wounded.
The endoplasm freezes you.
You are frozen.
* * * LOW HITPOINT WARNING * * *
The goblin hits you with a +0 dagger.
* * * LOW HITPOINT WARNING * * *
The goblin hits you but does no damage. The endoplasm barely misses you.
You hit the endoplasm.
The endoplasm is moderately wounded.
The endoplasm closely misses you. You block the goblin's attack.
You slash the endoplasm!
You kill the endoplasm!
The goblin hits you but does no damage. The goblin closely misses you.
The goblin hits you but does no damage.
Things that are here:
a +0 dagger; a +0 dagger You closely miss the goblin.
The dart slug launches a dart at you. You block the slug dart.
The goblin hits you but does no damage.
You closely miss the goblin. You block the dart slug's attack.
The goblin hits you with a +0 dagger.
* * * LOW HITPOINT WARNING * * *
You barely miss the goblin. You block the goblin's attack.
The dart slug launches a dart at you. The slug dart misses you.
The goblin barely misses you.
You barely miss the goblin. The dart slug launches a dart at you.
The slug dart hits you but does no damage.
The goblin hits you but does no damage.
You barely miss the goblin. The goblin hits you but does no damage.
You block the dart slug's attack.
You barely miss the goblin. The goblin hits you but does no damage.
The dart slug launches a dart at you. The slug dart hits you.
You die...

......#...#
......#...#
......#...# ......#...
... .........# #.....#
..
.........####.....#...
......w...........##.#
#@g.........##.###
#!................
####................#
#....................
#....................
#..........###.......
##.........########..
...........)...# #..
................# #..


You could see a dart slug and a goblin.

Vanquished Creatures
  An endoplasm (D:1)
  A goblin (D:1)
  2 kobolds (D:1)
  A bat (D:1)
5 creatures vanquished.

Notes
Turn   | Place    | Note
-------+----------+-------------------------------------------
     0 | D:1      | xian the Demonspawn Fighter began the quest for the Orb.
     0 | D:1      | Reached XP level 1. HP: 18/18 MP: 1/1
    74 | D:1      | Killed from afar by a dart slug

Illustrated notes

Levels and vault maps discovered:
D:1:      dpeg_arrival_connections, layout_basic,
          nicolae_kite_square_tiling_tiny

Action                   || total
-------------------------++-------
Melee: Long sword        ||    20
Armor: Scale mail        ||    15
Dodge: Dodged            ||    12
Block: Buckler           ||     9

Table legend: (Time is in decaauts)
 A = Elapsed time spent in this place.
 B = Non-inter-level travel time spent in this place.
 C = Inter-level travel time spent in this place.
 D = Time resting spent in this place.
 E = Time spent auto-exploring this place.
 F = Levels seen in this place.
 G = Mean time per level.
                   A        B        C        D        E       F      G
               +--------+--------+--------+--------+--------+-----+--------+
         Total |     80 |     80 |      0 |      0 |     29 |   1 |   80.0 |
       Dungeon |     80 |     80 |      0 |      0 |     29 |   1 |   80.0 |
               +--------+--------+--------+--------+--------+-----+--------+

Top non-repeatable levels by time:
     D:1: 80 daAuts
